 Dungeon Crawl Stone Soup version 0.31-a0-574-g69dc8cc98e (webtiles) character file.

Game seed: 785565791016648896

1632 javelincjr the Sneak (level 8, 0/46 HPs)
             Began as an Octopode Conjurer on Aug 18, 2023.
             Shot with an arrow by a centaur (12 damage)
             ... on level 5 of the Dungeon.
             The game lasted 00:17:33 (4330 turns).

javelincjr the Sneak (Octopode Conjurer)            Turns: 4330, Time: 00:17:34

Health: 0/46       AC:  1    Str:  2 (3)  XL:     8   Next: 98%
Magic:  14/14      EV: 14    Int: 36 (37) God:
Gold:   1039       SH:  0    Dex:  9 (10) Spells: 13/16 levels left

rFire   x . .        l - +11 arbalest of Fortitude {drain, Fly rCorr Str-3 Int+8}
rCold   + . .        (shield currently unavailable)
rNeg    . . .        (helmet restricted)
rPois   .            (no amulet)
rElec   .            b - ring of ice
rCorr   +            c - +6 ring of intelligence
SInv    .            m - ring of willpower
Will    +....        (no ring)
Stlth   ++++         (no ring)
HPRegen 0.27/turn    (no ring)
MPRegen 0.14/turn    (no ring)
                     (no ring)

%: no passive effects
@: mighty, flying, hasted, very quick
A: almost no armour, amphibious, 8 rings, camouflage 1, gelatinous body 1,
(nimble swimmer 1), tentacles
a: no special abilities


You were on level 5 of the Dungeon.
You visited 1 branch of the dungeon, and saw 5 of its levels.
You also visited: Ossuary.

You collected 1039 gold pieces.

Inventory:

Hand Weapons
 d - a +0 dagger
 h - a +1 dagger of protection
 k - the +1 short sword "Wyocw" {elec, Int+3 Dex+3}
   (You found it on level 3 of the Dungeon)

   Int+3:     It affects your intelligence (+3).
   Dex+3:     It affects your dexterity (+3).
 l - the +11 arbalest of Fortitude (weapon) {drain, Fly rCorr Str-3 Int+8}
   (You acquired it on level 4 of the Dungeon)

   Str-3:     It affects your strength (-3).
   Int+8:     It affects your intelligence (+8).
   Fly:       It grants you flight.
   rCorr:     It protects you from acid and corrosion.
Jewellery
 b - a ring of ice (left tentacle)
 c - a +6 ring of intelligence (right tentacle)
 m - a ring of willpower (on tentacle)
Wands
 a - a wand of flame (10)
Scrolls
 f - 2 scrolls of teleportation {unknown}
 j - 3 scrolls of enchant armour
 p - 2 scrolls of amnesia {unknown}
Potions
 g - a potion of degeneration
 i - a potion of cancellation
 o - 2 potions of magic
 q - a potion of curing
 r - a potion of resistance {unknown}


   Skills:
 + Level 3.7 Short Blades
 + Level 3.7 Ranged Weapons
 + Level 5.1 Dodging
 + Level 7.3 Stealth
 + Level 4.6 Spellcasting
 + Level 6.1 Conjurations


You had 13 spell levels left.
You knew the following spells:

 Your Spells              Type           Power      Damage    Failure   Level
a - Magic Dart            Conj           100%       1d8       1%          1
b - Searing Ray           Conj           100%       2d8       1%          2

Your spell library contained the following spells:

 Spells                   Type           Power      Damage    Failure   Level
 Dazzling Flash           Conj/Hex       60%        N/A       3%          3
 Slow                     Hex            32%        N/A       4%          1
 Ensorcelled Hibernation  Hex/Ice        24%        N/A       6%          2
 Fulminant Prism          Conj/Hex       15%        3d10      12%         4
 Iskenderun's Mystic Bla  Conj/Tloc      30%        2d8       12%         4


Dungeon Overview and Level Annotations

Branches:
Dungeon (5/15)            Ossuary (visited)
 Temple: D:4-7

Altars:


Innate Abilities, Weirdness & Mutations

You cannot wear most types of armour.
You are amphibious.
You can wear up to eight rings at the same time.
Your skin changes colour to match your surroundings (Stealth+).
Your rubbery body absorbs attacks. (AC +1, EV +1)
((You are camouflaged when in or above water. (Stealth+)))
You have tentacles for arms and can constrict up to eight enemies at once.


Message History

You shoot a bolt. The bolt barely misses the ogre.
The ogre shouts!
You hear a shout! x2; You hear an angry hiss.
An adder comes into view.
An orc comes into view. It is wielding a +0 club.
You shoot a bolt. The bolt closely misses the adder.
You shoot a bolt. The bolt hits the adder!!
You kill the adder!
A centaur comes into view.
You shoot a bolt. The bolt completely misses the ogre.
The centaur shouts!
The bolt hits the orc!!
You kill the orc!
The ogre hits you with a +0 giant club!!
You shoot a bolt. The bolt closely misses the ogre.
The centaur wields a +0 shortbow.
The centaur shoots an arrow.
The arrow hits you.
A scorpion comes into view.
The ogre misses you.
The centaur shoots an arrow.
The arrow hits you!
* * * LOW HITPOINT WARNING * * *
You are too injured to fight recklessly!
You are too injured to fight recklessly!
Okay, then.
Okay, then.
The centaur shoots an arrow.
The arrow hits you!
* * * LOW HITPOINT WARNING * * *
An adder comes into view.
Your magic is already full.
It was a potion of degeneration.
There was something very wrong with that liquid.
You feel weakened.
You feel dopey.
You feel clumsy.
It was a potion of haste.
You feel yourself speed up. The ogre barely misses you.
The centaur puts on a burst of speed as it pursues you!
Found a stone staircase leading up.
The ogre puts on a burst of speed as it pursues you!
It was a potion of might.
You feel very mighty all of a sudden.
It was a potion of curing.
You feel better.
The centaur shoots an arrow.
The arrow hits you!
You die...

#.....# .##...# #<##.##..#
.##...# #. †.....# .##...###
#.. .....#
........#####.##....#
......).##........(.# #.~~.#
........##........^.# #...~#
....................###...≈#
........#.......@.O...#.~~.#
........#...........c##~...#
........#..........#..#...~##
........#..........##.##.~..##
........#..........##..##..S†#
..........####.#.#####..s##...#
###.###.#.# #.#.# ##...###cS.#
#.###.#.# #...# ###...# #..
#.......# ###.# ##.# #


You could see an ogre (pursuing) and a centaur (pursuing).

Vanquished Creatures
  Pikel (D:4)
  An ice beast (D:5)
  4 ogres
  A lemure (D:4)
  2 elf zombies (Ossuary)
  2 human zombies (Ossuary)
  A jelly (D:4)
  2 orc priests (D:5)
  2 hounds (D:5)
  3 iguanas
  Terence (D:2)
  2 sleepcaps (D:4)
  2 mummies (Ossuary)
  Robin (D:3)
  8 adders
  3 worms
  2 dart slugs
  7 orcs
  5 bats
  7 endoplasms
  2 giant cockroaches
  10 goblins
  11 hobgoblins
  2 quokkas (D:1)
  5 ball pythons
  3 frilled lizards (D:1)
  8 hobgoblin zombies (Ossuary)
  4 jackal zombies
  10 kobolds
  13 kobold zombies (Ossuary)
  9 orc zombies (Ossuary)
  3 rats
137 creatures vanquished.

Notes
Turn   | Place    | Note
-------+----------+-------------------------------------------
     0 | D:1      | javelincjr the Octopode Conjurer began the quest for the
                  | Orb.
     0 | D:1      | Reached XP level 1. HP: 11/11 MP: 3/3
   209 | D:1      | Reached skill level 3 in Stealth
   220 | D:1      | Reached XP level 2. HP: 17/17 MP: 1/5
   223 | D:1      | Learned a level 2 spell: Searing Ray
   719 | D:1      | Reached XP level 3. HP: 21/21 MP: 4/6
  1542 | D:2      | Noticed Terence
  1550 | D:2      | Killed Terence
  1551 | D:2      | Reached XP level 4. HP: 8/27 MP: 1/8
  1831 | D:3      | Identified the +1 short sword "Wyocw" {elec, Int+3 Dex+3}
  1876 | D:3      | Noticed Robin
  1877 | D:3      | Reached skill level 4 in Stealth
  1912 | D:3      | Identified a scroll of acquirement
  1912 | D:3      | Acquired 807 gold pieces
  1922 | D:3      | Killed Robin
  2061 | D:3      | Reached XP level 5. HP: 31/31 MP: 3/9
  2865 | D:4      | Noticed an ogre
  2936 | D:4      | Noticed a lemure
  2936 | D:4      | Noticed a lemure
  2957 | D:4      | Acquired the +11 arbalest of Fortitude {drain, Fly rCorr
                  | Str-3 Int+8}
  3098 | D:4      | Noticed a lemure
  3098 | D:4      | Noticed a lemure
  3099 | D:4      | Noticed Pikel
  3107 | D:4      | Killed a lemure
  3113 | D:4      | Killed Pikel
  3114 | D:4      | Reached skill level 5 in Stealth
  3114 | D:4      | Reached skill level 5 in Conjurations
  3114 | D:4      | Reached XP level 6. HP: 16/36 MP: 6/11
  3114 | D:4      | Reached XP level 7. HP: 18/41 MP: 6/12
  3239 | D:4      | Found a sand-covered staircase.
  3249 | Ossuary  | Entered an ossuary
  3322 | Ossuary  | Reached skill level 6 in Stealth
  3391 | Ossuary  | Reached XP level 8. HP: 46/46 MP: 13/13
  3711 | D:4      | Got Erutytwe's Cyclopedia of the Jinx
  4108 | D:5      | Entered Level 5 of the Dungeon
  4134 | D:5      | Reached skill level 7 in Stealth
  4154 | D:5      | Reached skill level 5 in Dodging
  4316 | D:5      | HP: 1/46 [centaur/arrow (10)]
  4330 | D:5      | Shot with an arrow by a centaur

Illustrated notes

Levels and vault maps discovered:
D:1:      minmay_arrival_open_corners, layout_rooms
D:2:      layout_basic, serial_park_tiny_2, uniq_terence
D:3:      layout_basic, uniq_robin
D:4:      minmay_door_path, layout_loops_ring, enter_ossuary_3,
          serial_bayou_pond_a, kennysheep_small_square, uniq_pikel
D:5:      minmay_polygon_palace, layout_basic, nzn_random_ring

Skill      XL: |  1  2  3  4  5  6  7  8 |
---------------+-------------------------+-----
Stealth        | 3 4 5 6 7 |  7.3
Dodging        | 3 4 5 |  5.1
Spellcasting   | 3 4 |  4.6
Short Blades   | 2 3 |  3.7
Ranged Weapons | 2 3 |  3.7
Conjurations   | 5 6 |  6.1

Action                     |  1- 3 |  4- 6 |  7- 9 || total
---------------------------+-------+-------+-------++-------
  Melee: Tentacles         |     2 |     2 |       ||     4
         Unarmed           |     1 |       |       ||     1
         Dagger            |     6 |       |       ||     6
         Constrict         |     1 |       |       ||     1
         Punch             |     1 |       |       ||     1
         Short sword       |       |     4 |       ||     4
   Fire: Arbalest          |       |    20 |   128 ||   148
   Cast: Magic Dart        |    55 |    36 |     1 ||    92
         Searing Ray       |     2 |     5 |     1 ||     8
    Use: Scroll            |       |     5 |     1 ||     6
         Potion            |       |     1 |     4 ||     5
   Stab: Sleeping          |     1 |       |       ||     1
 Armour: Skin              |       |     3 |     8 ||    11
  Dodge: Dodged            |     2 |    32 |    28 ||    62

Table legend: (Time is in decaauts)
 A = Elapsed time spent in this place.
 B = Non-inter-level travel time spent in this place.
 C = Inter-level travel time spent in this place.
 D = Time resting spent in this place.
 E = Time spent auto-exploring this place.
 F = Levels seen in this place.
 G = Mean time per level.
                   A        B        C        D        E       F      G
               +--------+--------+--------+--------+--------+-----+--------+
         Total |   4437 |   4307 |    130 |    168 |   3288 |   6 |  739.5 |
       Dungeon |   4116 |   3986 |    130 |    168 |   3122 |   5 |  823.2 |
       Ossuary |    321 |    321 |      0 |      0 |    166 |   1 |  321.0 |
               +--------+--------+--------+--------+--------+-----+--------+

Top non-repeatable levels by time:
     D:3: 1028 daAuts
     D:4: 1026 daAuts
     D:2: 937 daAuts
     D:1: 879 daAuts
 Ossuary: 321 daAuts
     D:5: 244 daAuts
